 Dungeon Crawl Stone Soup version 0.26.1 (webtiles) character file.

Game seed: 2464899003825039750

106427 DearestLeader the Executioner (level 15, -1/136 (137) HPs)
             Began as a Minotaur Fighter on Feb 3, 2021.
             Was the Champion of Okawaru.
             Engulfed by a ghost crab's spectral mist (12 damage)
             ... on level 1 of the Swamp on Feb 4, 2021.
             The game lasted 00:56:38 (27001 turns).

DearestLeader the Executioner (Minotaur Fighter)   Turns: 27001, Time: 00:56:39

HP:   -1/136 (137)  AC: 25    Str: 28    XL:     15   Next: 97%
MP:   19/19         EV: 16    Int:  3    God:    Okawaru [******]
Gold: 2743          SH:  0    Dex: 12    Spells: 14/14 levels left

rFire    . . .     SeeInvis .   P - +4 battleaxe (vorpal)
rCold    + + +     Faith    .   (shield currently unavailable)
rNeg     + . .     Spirit   .   M - quicksilver dragon scales
rPois    +         Reflect  .   (helmet restricted)
rElec    .         Harm     .   U - +1 cloak {rPois}
rCorr    .         Rampage  +   W - +2 pair of gloves {Str+3}
Will     +++++                  y - +2 pair of boots {rampage}
Stlth    +.........             G - amulet of Epareon {rPois rC+++ Will+ Regen+ Int-2}
HPRegen  0.72/turn              K - ring of the Louse {rN+ Will+}
MPRegen  0.16/turn              w - ring of willpower

@: about to teleport, lightly drained
A: retaliatory headbutt, horns 2, low mp 1
a: Renounce Religion, Heroism, Finesse


You were on level 1 of the Swamp.
You worshipped Okawaru.
Okawaru was exalted by your worship.
You visited 5 branches of the dungeon, and saw 25 of its levels.
You also visited: Gauntlet and Volcano.

You collected 3286 gold pieces.
You spent 543 gold pieces at shops.

Inventory:

Hand Weapons
 a - the +9 trident of Reason {drain, rC+ MP+9}
   (You found it on level 8 of the Dungeon)

   A truly terrible weapon, it drains the life of those it strikes.
   It protects you from cold.
   It affects your magic capacity (+9).
 u - a +1 executioner's axe of holy wrath
 B - a +4 shortbow
 P - a +4 vorpal battleaxe (weapon)
 Q - a +0 longbow
 R - the +1 battleaxe "Zyhekk" {flame, rF+}
   (Okawaru gifted it to you on level 8 of the Dungeon)

   It has been specially enchanted to burn those struck by it, causing extra
   injury to most foes and up to half again as much damage against particularly
   susceptible opponents.
   Big, fiery blades are also staple armaments of hydra-hunters.
   It protects you from fire.
Missiles
 q - 567 arrows
 I - 20 silver javelins (quivered)
Armour
 i - the +3 kite shield of Serendipity {rF+}
   (Okawaru gifted it to you on level 5 of the Lair of Beasts)

   It protects you from fire.
 y - a +2 pair of boots of rampaging (worn)
 J - a +1 pair of gloves of archery
 M - quicksilver dragon scales (worn)
 U - a +1 cloak of poison resistance (worn)
 W - a +2 pair of gloves of strength (worn)
Jewellery
 c - an uncursed ring of see invisible
 p - an uncursed ring of positive energy
 w - a ring of willpower (right hand)
 G - the amulet of Epareon (around neck) {rPois rC+++ Will+ Regen+ Int-2}
   (You found it on level 6 of the Dungeon)

   [amulet of regeneration]

   It affects your intelligence (-2).
   It renders you almost immune to cold.
   It protects you from poison.
   It affects your willpower, your defense against some magical effects.
   It increases your rate of regeneration.
 K - the ring of the Louse (left hand) {rN+ Will+}
   (You bought it in a shop on level 2 of the Orcish Mines)

   [ring of willpower]

   It protects you from negative energy.
   It affects your willpower, your defense against some magical effects.
 V - an uncursed ring of positive energy
Wands
 e - a wand of acid (18)
 C - a wand of digging (11)
 D - a wand of iceblast (12)
 F - a wand of paralysis (16)
 O - a wand of random effects (24)
 X - a wand of disintegration (12)
Scrolls
 b - 8 scrolls of magic mapping
 f - a scroll of amnesia {unknown}
 h - 2 scrolls of fog
 k - 6 scrolls of fear
 l - 17 scrolls of remove curse
 x - 9 scrolls of teleportation
 H - 3 scrolls of enchant weapon
 S - a scroll of identify
 T - a scroll of vulnerability {unknown}
 Y - a scroll of summoning {unknown}
Potions
 d - 3 potions of might
 g - 2 potions of invisibility
 j - 4 potions of heal wounds
 m - 2 potions of resistance
 n - 4 potions of haste
 o - a potion of berserk rage {unknown}
 r - 6 potions of flight
 s - 2 potions of cancellation {unknown}
 t - 2 potions of lignification {unknown}
 v - 7 potions of mutation
 z - 8 potions of curing
 A - 5 potions of brilliance
 E - 2 potions of attraction {unknown}
 L - 5 potions of ambrosia {unknown}
 N - 3 potions of magic


   Skills:
 * Level 13.9 Fighting
 + Level 21.2 Axes
 + Level 14.8 Armour
 + Level 9.9 Dodging
 - Level 4.0 Shields
 - Level 10.0 Invocations


You had 14 spell levels left.
You didn't know any spells.
Your spell library contained the following spells:

 Spells                   Type           Power        Failure   Level
 Foxfire                  Conj/Fire      0%           61%         1
 Magic Dart               Conj           0%           61%         1
 Blink                    Tloc           N/A          75%         2
 Call Imp                 Summ           0%           75%         2
 Slow                     Hex            0%           75%         2
 Confusing Touch          Hex            0%           93%         3
 Conjure Flame            Conj/Fire      0%           93%         3
 Frozen Ramparts          Ice            0%           93%         3
 Gell's Gravitas          Tloc           0%           93%         3
 Inner Flame              Hex/Fire       0%           93%         3
 Mephitic Cloud           Conj/Pois/Air  0%           93%         3
 Hailstorm                Conj/Ice       0%           100%        4
 Petrify                  Tmut/Erth      0%           100%        4
 Sticky Flame             Conj/Fire      0%           100%        4
 Fireball                 Conj/Fire      0%           100%        5
 Metabolic Englaciation   Hex/Ice        0%           100%        5
 Yara's Violent Unravell  Hex/Tmut       0%           100%        5
 Freezing Cloud           Conj/Ice/Air   0%           100%        6
 Ozocubu's Refrigeration  Ice            0%           100%        6


Dungeon Overview and Level Annotations

Branches:
Dungeon (15/15)            Temple (1/1) D:4            Lair (6/6) D:8
  Swamp (1/4) Lair:3       Spider (0/4) Lair:4        Slime (0/5) Lair:6
    Orc (2/2) D:12            Elf (0/3) Orc:2        Vaults (0/5) D:14
 Depths (0/5) D:15        Volcano (visited)         Gauntlet (visited)

Altars:
Ashenzari
Cheibriados
Dithmenos
Elyvilon
Fedhas
Gozag
Hepliaklqana
Kikubaaqudgha
Makhleb
Nemelex Xobeh
Okawaru
Qazlal
Ru
Sif Muna
Trog
Uskayaw
Vehumet
Wu Jian
Xom
Yredelemnul
Zin
The Shining One
Beogh
Jiyva

Shops:
D:6 =   D:11 [   D:14 (   Orc:2 =:(:

Annotations:
D:11 1 transporter
Lair:4 exclusion: oklob plant


Innate Abilities, Weirdness & Mutations

You reflexively headbutt those who attack you in melee.
You have a pair of horns on your head.
Your magical capacity is low. (-10% MP)


Message History

The spectral swamp dragon closely misses you.
The spectral swamp dragon barely misses you.
The spectral alligator completely misses you.
The spectral alligator tail-slaps you but does no damage.
The spectral five-headed hydra bites you but does no damage.
The spectral five-headed hydra barely misses you.
The spectral five-headed hydra closely misses you.
The spectral five-headed hydra bites you but does no damage. x2
The ghost crab bites you but does no damage.
The ghost crab misses you.
You are engulfed in spectral mist.
* * * LOW HITPOINT WARNING * * *
The spectral five-headed hydra fades away!
The spectral alligator closely misses you.
You furiously retaliate!
You headbutt the spectral alligator!
The spectral alligator barely misses you.
The ghost crab breathes spectral mist at you.
The spectral mist engulfs the spectral swamp dragon but does no damage.
You are engulfed in spectral mist.
You die...

♣.. ♣...≈≈≈≈≈..≈≈≈..≈≈≈≈
...♣♣♣♣♣≈≈.≈≈≈≈..≈...≈≈≈§≈
≈≈≈..≈≈≈♣♣♣.≈≈≈.....≈≈≈≈≈≈
≈≈≈...≈≈..≈.≈≈≈....≈≈≈≈≈≈≈
≈≈≈.≈....≈.....♣^.≈≈≈≈≈≈≈≈
≈≈.≈♣≈Z)°≈≈≈≈♣♣♣≈.≈≈......
≈..≈≈≈°○Z≈≈≈≈.♣♣..≈≈≈...≈≈
≈...≈≈tZ°≈≈≈..♣♣....≈...≈≈
....§°°Z°@...≈♣♣♣♣♣..♣≈.≈†
≈≈§.≈≈≈≈♣♣♣..♣♣ ♣≈♣♣≈...
≈≈≈....♣♣ ♣♣♣♣ ♣♣♣♣....
≈≈≈.≈♣♣ ♣≈.≈.. ≈..≈♣
♣♣♣≈.. ♣♣♣♣ ♣≈..≈ ♣♣♣♣♣


You could see a ghost crab, a spectral alligator (summoned), 2 spectral swamp
dragons and a spectral bunyip (summoned).

Vanquished Creatures
  Rupert (D:14)
  Kirke (Lair:5)
  Azrael (Orc:2)
  A minotaur (Gauntlet)
  Josephine (Orc:2)
  4 hydras
  A shambling mangrove (Swamp:1)
  4 boulder beetles
  3 catoblepae (Lair:6)
  2 alligators (Swamp:1)
  2 centaur warriors
  A tengu warrior (D:15)
  3 two-headed ogres
  Urug (D:14)
  22 death yaks
  An orc high priest (Orc:2)
  4 skeletal warriors
  A golden dragon zombie (D:15)
  2 glowing orange brains (Gauntlet)
  A flayed ghost (D:15)
  4 unseen horrors
  A bog body (Swamp:1)
  An obsidian statue (D:11)
  A lindwurm (Lair:5)
  2 orc knights
  A necromancer (D:15)
  3 ugly things
  2 cyclopes
  2 orc sorcerers
  A wolf spider zombie (D:15)
  A deep elf mage (D:15)
  A will-o-the-wisp (Swamp:1)
  5 manticores
  A frost giant skeleton (D:15)
  10 elephants
  A centaur zombie (D:13)
  A torpor snail (shapeshifter) (Gauntlet)
  4 black mambas (Lair:6)
  6 gargoyles
  A yaktaur zombie (D:15)
  10 cane toads
  4 rime drakes
  12 komodo dragons
  A tengu conjurer (D:15)
  A queen bee (D:12)
  4 trolls
  6 meliai
  A hornet (Swamp:1)
  6 harpy skeletons
  2 polar bears
  27 blink frogs
  2 alligator skeletons (Volcano)
  A spriggan (Swamp:1)
  Sigmund (D:3)
  3 flying skulls (Volcano)
  3 water elementals (D:15)
  4 fire elementals (Orc:2)
  5 wraiths
  6 hogs
  2 vampires (D:15)
  8 wyverns
  16 humans (D:14)
  4 vampire mosquitoes
  2 basilisks
  36 yaks
  2 wargs
  11 water moccasins
  3 swamp worms (Swamp:1)
  A human zombie (D:15)
  4 hell hounds (Orc:2)
  4 ice beasts
  4 phantoms
  2 black bears (D:10)
  4 sky beasts
  51 orc warriors
  5 necrophages
  25 centaurs
  An eye of draining (D:15)
  10 ogres
  20 wolves
  18 bullfrogs
  A cane toad simulacrum (Gauntlet)
  2 wyvern skeletons
  24 killer bees
  4 spriggan skeletons (Volcano)
  15 wights
  4 howler monkeys
  An electric eel (Lair:1)
  A quasit (D:11)
  A bullfrog zombie (D:9)
  6 jellies
  9 hounds
  23 orc priests
  4 bullfrog skeletons
  6 centaur skeletons
  6 iguanas
  24 orc wizards
  14 worker ants
  2 centaur simulacra (Gauntlet)
  2 bullfrog simulacra (Gauntlet)
  A hound zombie (D:8)
  2 hound skeletons
  A worker ant zombie (D:10)
  5 gnolls
  10 adders
  A shadow imp (D:6)
  2 white imps
  An ufetubus (D:7)
  2 oozes
  An adder skeleton (D:6)
  An adder zombie (D:7)
  3 worms (D:4)
  3 dart slugs
  5 leopard geckos
  102 orcs
  A ball python (D:4)
  10 bats
  8 goblins
  13 hobgoblins
  5 jackals
  13 kobolds
  8 quokkas
  A ball python skeleton (D:4)
  5 frilled lizards
  A leopard gecko skeleton (D:4)
  3 quokka skeletons
  6 rats
  A bush (Lair:6)
802 creatures vanquished.

Vanquished Creatures (others)
  A spriggan druid (Swamp:1)
  2 foxfires (Swamp:1)
  42 fungi
  61 plants
  6 withered plants (D:15)
112 creatures vanquished.

Grand Total: 914 creatures vanquished

Notes
Turn   | Place    | Note
-------+----------+-------------------------------------------
     0 | D:1      | DearestLeader the Minotaur Fighter began the quest for the
                  | Orb.
     0 | D:1      | Reached XP level 1. HP: 19/19 MP: 0/0
    38 | D:1      | Reached skill level 3 in Axes
    38 | D:1      | Reached XP level 2. HP: 22/26 MP: 1/1
   362 | D:1      | Reached XP level 3. HP: 31/31 MP: 2/2
   917 | D:2      | Found a faded altar of an unknown god.
   937 | D:2      | Found an ornate altar of the Wu Jian Council.
   937 | D:2      | Found a burning altar of Makhleb.
   978 | D:2      | Found a blossoming altar of Fedhas.
   995 | D:2      | Reached skill level 4 in Axes
  1000 | D:2      | Reached XP level 4. HP: 32/40 MP: 3/3
  1084 | D:2      | Reached skill level 1 in Dodging
  1260 | D:2      | Found a shimmering blue altar of Sif Muna.
  1334 | D:2      | Reached skill level 5 in Axes
  1334 | D:2      | Reached XP level 5. HP: 42/46 MP: 4/4
  1665 | D:3      | Found an ancient bone altar of Kikubaaqudgha.
  2485 | D:3      | Noticed Sigmund
  2494 | D:3      | Killed Sigmund
  2495 | D:3      | Reached skill level 7 in Axes
  2495 | D:3      | Reached XP level 6. HP: 52/52 MP: 5/5
  2653 | D:4      | Found a staircase to the Ecumenical Temple.
  2664 | Temple   | Entered the Ecumenical Temple
  2705 | Temple   | Became a worshipper of Warmaster Okawaru
  2761 | D:4      | Reached skill level 8 in Axes
  2959 | D:4      | Reached XP level 7. HP: 53/59 MP: 6/6
  3035 | D:4      | Reached * piety under Okawaru
  3429 | D:4      | Reached skill level 1 in Invocations
  3440 | D:4      | Reached skill level 9 in Axes
  3547 | D:5      | Entered Level 5 of the Dungeon
  3775 | D:5      | Reached XP level 8. HP: 31/66 MP: 7/9
  3784 | D:5      | Reached skill level 10 in Axes
  3973 | D:5      | Reached ** piety under Okawaru
  4361 | D:6      | Found Dastots's Jewellery Boutique.
  4383 | D:6      | Found a radiant altar of Vehumet.
  4678 | D:6      | Reached skill level 11 in Axes
  4896 | D:6      | Got a brightly glowing iron amulet
  5726 | D:7      | Reached *** piety under Okawaru
  5847 | D:7      | Reached skill level 5 in Armour
  5860 | D:7      | Reached XP level 9. HP: 66/71 MP: 11/11
  6296 | D:7      | Reached skill level 5 in Invocations
  6302 | D:7      | Found a hazy altar of Hepliaklqana.
  6333 | D:7      | Reached skill level 12 in Axes
  6758 | D:8      | Received a gift from Okawaru
  6785 | D:8      | Noticed a death yak
  6787 | D:8      | Noticed a death yak
  6789 | D:8      | Noticed a death yak
  6839 | D:7      | Killed a death yak
  7065 | D:9      | Reached skill level 13 in Axes
  7381 | D:9      | Noticed a troll
  7387 | D:9      | Killed a troll
  7388 | D:9      | Reached XP level 10. HP: 48/78 MP: 13/13
  7559 | D:9      | Found a glowing silver altar of Zin.
  7639 | D:9      | Found a stormy altar of Qazlal.
  7652 | D:9      | Reached **** piety under Okawaru
  8374 | D:10     | Entered Level 10 of the Dungeon
  8629 | D:10     | Reached skill level 5 in Fighting
  8823 | D:10     | Reached skill level 14 in Axes
  8875 | D:10     | Reached ***** piety under Okawaru
  9313 | D:10     | Found a shadowy altar of Dithmenos.
  9497 | D:8      | Got a pitted trident
  9502 | D:8      | Identified the +9 trident of Reason {drain, rC+ MP+9} (You
                  | found it on level 8 of the Dungeon)
  9558 | D:8      | Found a staircase to the Lair.
  9616 | D:8      | Received a gift from Okawaru
  9619 | D:8      | Got a twisted battleaxe {god gift}
  9818 | Lair:1   | Entered Level 1 of the Lair of Beasts
 10037 | Lair:1   | Identified the +1 battleaxe "Zyhekk" {flame, rF+} (Okawaru
                  | gifted it to you on level 8 of the Dungeon)
 10291 | Lair:1   | Noticed a cane toad
 10300 | Lair:1   | Killed a cane toad
 10301 | Lair:1   | Reached XP level 11. HP: 71/90 MP: 15/15
 10309 | Lair:1   | Identified the amulet of Epareon {rPois rC+++ Will+ Regen+
                  | Int-2} (You found it on level 6 of the Dungeon)
 10425 | Lair:1   | Noticed a four-headed hydra
 10463 | Lair:1   | Killed a one-headed hydra
 10747 | Lair:1   | Reached skill level 15 in Axes
 11264 | Lair:2   | Received a gift from Okawaru
 12177 | Lair:3   | Received a gift from Okawaru
 12353 | Lair:3   | Reached skill level 10 in Armour
 12525 | Lair:3   | Noticed a death yak
 12527 | Lair:3   | Noticed a death yak
 12537 | Lair:3   | Noticed a death yak
 12558 | Lair:3   | Killed a death yak
 12559 | Lair:3   | Reached skill level 16 in Axes
 12559 | Lair:3   | Reached XP level 12. HP: 94/103 MP: 9/17
 12567 | Lair:3   | Killed a death yak
 12579 | Lair:3   | Killed a death yak
 12646 | Lair:3   | Received a gift from Okawaru
 12739 | Lair:3   | You fall into a shaft and drop 2 floors!
 12739 | Lair:5   | Found a dark tunnel.
 12759 | Volcano  | Entered a volcano
 13415 | Lair:5   | Reached skill level 17 in Axes
 13595 | Lair:5   | Noticed Kirke
 13617 | Lair:4   | Reached ****** piety under Okawaru
 13747 | Lair:4   | Reached skill level 10 in Fighting
 13822 | Lair:4   | Found a shimmering altar of Xom.
 13934 | Lair:4   | Reached skill level 10 in Invocations
 14273 | Lair:4   | Reached XP level 13. HP: 113/113 MP: 19/19
 14464 | Lair:4   | Found a hole to the Spider Nest.
 14498 | Lair:3   | Found a staircase to the Swamp.
 15429 | Lair:5   | Killed Kirke
 15429 | Lair:5   | Received a gift from Okawaru
 15432 | Lair:5   | Got a faintly glowing kite shield {god gift}
 15442 | Lair:5   | Identified the +3 kite shield of Serendipity {rF+} (Okawaru
                  | gifted it to you on level 5 of the Lair of Beasts)
 16288 | Lair:6   | Entered Level 6 of the Lair of Beasts
 16585 | Lair:6   | Reached skill level 18 in Axes
 16944 | Lair:6   | Reached skill level 5 in Dodging
 17350 | Lair:6   | Received a gift from Okawaru
 17353 | Lair:6   | Got a spiked crystal plate armour {god gift}
 17363 | Lair:6   | Identified the +10 crystal plate armour "Omash" {Harm
                  | Int+2} (Okawaru gifted it to you on level 6 of the Lair of
                  | Beasts)
 17402 | Lair:6   | Found a viscous altar of Jiyva.
 17402 | Lair:6   | Found a staircase to the Slime Pits.
 17435 | Lair:6   | Reached XP level 14. HP: 102/124 MP: 20/20
 17969 | Lair:6   | Reached skill level 19 in Axes
 18000 | Lair:6   | HP: 5/125 [death yak (15)]
 18000 | Lair:6   | HP: 2/125 [catoblepas/blast of calcifying dust (3)]
 18695 | Lair:6   | Upgraded the game from 0.26.0-90-g5fd8617961 to
                  | 0.26.0-91-g99b343417d
 19469 | D:11     | Found Apokaohu's Armour Boutique.
 19532 | D:11     | Found a gate leading to a gauntlet.
 19549 | Gauntlet | Entered a Gauntlet
 19549 | Gauntlet | Found a transporter.
 19556 | Gauntlet | Found a transporter.
 19557 | Gauntlet | Found a transporter.
 19574 | Gauntlet | Found a transporter.
 19577 | Gauntlet | Found a transporter.
 19585 | Gauntlet | Found a transporter.
 19601 | Gauntlet | Found a transporter.
 19612 | Gauntlet | Found a transporter.
 19620 | Gauntlet | Found a runed translucent door.
 19623 | Gauntlet | Found a transporter.
 19633 | Gauntlet | Found a runed translucent door.
 19637 | Gauntlet | Found a transporter.
 19637 | Gauntlet | Found a transporter.
 19665 | Gauntlet | Found a transporter.
 19665 | Gauntlet | Found a transporter.
 19732 | Gauntlet | Found a transporter.
 20098 | Gauntlet | Received a gift from Okawaru
 20134 | Gauntlet | Got a shimmering ring mail
 20637 | D:11     | Found a sparkling altar of Nemelex Xobeh.
 20637 | D:11     | Found a transporter.
 20637 | D:11     | Noticed a stone giant
 21292 | D:12     | Identified the Collected Works on Ice
 21779 | D:12     | Found a staircase to the Orcish Mines.
 21795 | D:12     | Reached skill level 20 in Axes
 21799 | D:12     | Found a roughly hewn altar of Beogh.
 21924 | Orc:1    | Entered Level 1 of the Orcish Mines
 21969 | Orc:1    | You fall into a shaft and drop 1 floor!
 21969 | Orc:2    | Entered Level 2 of the Orcish Mines
 22238 | Orc:1    | Upgraded the game from 0.26.0-91-g99b343417d to 0.26.1
 22675 | Orc:2    | Noticed Josephine
 22681 | Orc:2    | Reached XP level 15. HP: 126/133 MP: 21/21
 22684 | Orc:2    | Killed Josephine
 22806 | Orc:2    | Gained mutation: Your magical capacity is low. (-10% MP) [a
                  | neqoxec]
 22947 | Orc:2    | Found a roughly hewn altar of Beogh.
 23032 | Orc:2    | Noticed Azrael
 23048 | Orc:2    | Killed Azrael
 23120 | Orc:2    | Received a gift from Okawaru
 23319 | Orc:2    | Found a staircase to the Elven Halls.
 23607 | Orc:2    | Found Isol's Book Shop.
 23607 | Orc:2    | Found Learch's Weapon Shoppe.
 23609 | Orc:2    | Found Caomoog's Book Emporium.
 23611 | Orc:2    | Found Kyagiyn's Jewellery Boutique.
 23623 | Orc:2    | Bought the ring of the Louse {rN+ Will+} for 543 gold
                  | pieces
 24579 | D:14     | Found a gate to the Vaults.
 24579 | D:14     | Noticed Urug
 24608 | D:14     | Killed Urug
 24967 | D:14     | Found Noases's Antique Weapon Shop.
 24967 | D:14     | Noticed Rupert
 24982 | D:14     | Killed Rupert
 25270 | D:14     | Got a transparent chain mail
 25280 | D:14     | Identified the +1 chain mail of the Bulwark {-Cast rElec
                  | Dex+8} (You found it on level 14 of the Dungeon)
 25308 | D:15     | Entered Level 15 of the Dungeon
 25513 | D:15     | Found a hide-covered altar of Uskayaw.
 25623 | D:15     | Reached skill level 21 in Axes
 25626 | D:15     | Found a broken altar of Ashenzari.
 25926 | D:15     | Received a gift from Okawaru
 25979 | D:15     | Found a staircase to the Depths.
 26550 | Swamp:1  | Entered Level 1 of the Swamp
 27001 | Swamp:1  | Engulfed by a ghost crab's spectral mist

Illustrated notes

Levels and vault maps discovered:
D:1:      dpeg_arrival_round_a, layout_basic
D:2:      minmay_door_path, layout_rooms, lemuel_doored_altar,
          marbit_many_paths, gammafunk_temple_overflow_wave,
          chequers_ecumenical_altar_simple
D:3:      corexii_shack_village, layout_basic, overflow_temple_1_default,
          guppyfry_early_orc_mine, uniq_sigmund
D:4:      layout_basic, minmay_temple_entry_overgrown, minmay_joined_circles
D:5:      layout_layer_cave
D:6:      layout_loops_ring, fiery_altar_vehumet, serial_co_window_serial,
          co_window_paths_a, co_window_paths_a, co_window_of_opportunity_a,
          co_window_paths_a, co_window_cross_1, co_window_of_opportunity_a,
          co_window_corner_b, co_window_2corner, co_window_2corner,
          co_window_paths_e, glass_columns_a, glass_columns_b, glass_columns_c,
          serial_shops, shop_statue
D:7:      layout_basic, nzn_hepliaklqana_mist_gate
D:8:      layout_cave_pods, dpeg_lair_monsters, serial_bayou_crossing
D:9:      layout_loops_ring, nicolae_qazlal_style_of_elements, zin_statuary,
          minmay_misc_feat_diagonals
D:10:     cheibrodos_barr_body, layout_rooms,
          nicolae_dithmenos_through_a_glass_darkly
D:11:     layout_rooms, serial_shops, nicolae_shop_waterfront,
          gauntlet_entry_generic, minivault_16, grunt_nemelex_the_gamble
D:12:     minmay_the_grid_four_pointed_star_mashed
          [minmay_the_grid_triangle_9x9_descending_squares,
          minmay_the_grid_triangle_9x9_sprig,
          minmay_the_grid_triangle_9x9_pentomino_pain,
          minmay_the_grid_triangle_9x9_longest,
          minmay_the_grid_prize_trominoes], layout_small_grid, david_orc_5,
          special_room [special_room_bee], dk_noncrumbling_2
D:13:     layout_rooms
D:14:     layout_loops_ring, david_vaults_3, serial_shops, shop,
          chequers_serial_rivers_micro_d, uniq_rupert
D:15:     gammafunk_depths_entry_grave, layout_basic,
          nicolae_ashenzari_panopticon, basic_altar, amcnicky_mini_pool_small
Temple:   cyrus_circular_temple
Lair:1:   layout_gridlike
Lair:2:   layout_chaotic_city, grunt_megastairs_5, serial_bayou_shore_b,
          infiniplex_staircase_pool_2
Lair:3:   layout_regular_city, swamp_mist_pool, lemuel_fruit_tree
Lair:4:   layout_concentric_octagons, dummy_spider_entry, lemuel_oklob_altar
Lair:5:   layout_cave_pods, nicolae_volcano_entry_vermiform,
          roderic_carrion_pond, uniq_kirke
Lair:6:   evilmike_catoblepas_cave, layout_loops_ring,
          dpeg_slime_entry_enclosed_altar, hibernation_bobbens
Swamp:1:  layout_basic_swamp, hangedman_swamp_ruin_wall
Orc:1:    layout_diamond_mine
Orc:2:    st_orc_rangers, layout_caves, mines2_david, uniq_josephine,
          uniq_azrael

Skill      XL: |  1  2  3  4  5  6  7  8  9 10 11 12 13 14 15 |
---------------+----------------------------------------------+-----
Axes           | 3 4 5 7 8 9 11 13 14 16 17 18 20 21 | 21.2
Armour         | 4 5 7 8 10 11 12 13 14 | 14.8
Shields        | 4 |  4.0
Dodging        | 1 2 5 8 9 |  9.9
Fighting       | 4 6 8 10 11 12 13 | 13.9
Invocations    | 2 4 6 7 8 10 | 10.0

Action                   |  1- 3 |  4- 6 |  7- 9 | 10-12 | 13-15 || total
-------------------------+-------+-------+-------+-------+-------++-------
Melee: War axe           |    52 |   147 |   320 |   650 |   496 ||  1665
       Headbutt          |    13 |    31 |    66 |   138 |   330 ||   578
       Battleaxe         |       |       |       |    10 |   735 ||   745
       Trident           |       |       |       |       |     4 ||     4
Throw: Javelin           |       |       |     1 |       |     1 ||     2
Invok: Heroism           |       |       |     1 |     2 |     1 ||     4
       Finesse           |       |       |       |     1 |     2 ||     3
  Use: Scroll            |       |     4 |       |    11 |    12 ||    27
       Potion            |       |       |     2 |     1 |     2 ||     5
Armor: Scale mail        |     7 |       |       |       |       ||     7
       Plate armour      |    21 |    78 |   142 |    13 |       ||   254
       Chain mail        |       |       |       |   284 |   206 ||   490
       Quicksilver drago |       |       |       |       |   382 ||   382
Dodge: Dodged            |    16 |    23 |    52 |   163 |   606 ||   860
Block: Kite shield       |    25 |    80 |   128 |   291 |   251 ||   775
